 Dungeon Crawl Stone Soup version 0.29-a0-284-gf9362112df (webtiles) character file.

Game seed: 14189937868398753920

12049 sammy202020 the Fighter (level 11, -6/111 HPs)
             Began as a Gargoyle Berserker on Mar 22, 2022.
             Was a Priest of Trog.
             Mangled by a skeletal warrior
             ... wielding a +0 scimitar
             ... led by a skeletal warrior
              (11 damage)
             ... on level 11 of the Dungeon.
             The game lasted 00:19:21 (10517 turns).

sammy202020 the Fighter (Gargoyle Berserker)       Turns: 10517, Time: 00:19:23

Health: -6/111     AC: 27    Str: 27    XL:     11   Next: 87%
Magic:  0/11       EV: 11    Int: 10    God:    Trog [***...]
Gold:   563        SH:  0    Dex: 11    Spells: 10/10 levels left

rFire   . . .      SeeInvis +   H - +1 dire flail
rCold   + . .      Faith    .   (shield currently unavailable)
rNeg    + . .      Spirit   +   x - +1 chain mail {rC+}
rPois   ∞          Reflect  .   (no helmet)
rElec   +          Harm     .   (no cloak)
rCorr   .          Rampage  .   t - +2 pair of gloves
Will    +++..                   p - +0 pair of boots
Stlth   ..........              c - amulet of guardian spirit
HPRegen 1.28/turn               r - ring of see invisible
MPRegen 0.12/turn               y - +6 ring of strength

@: berserking, strong-willed, regenerating, hasted, very quick
A: sickness immunity, AC +8, negative energy resistance 1, electricity
resistance, torment resistance 1, petrification resistance, strong-willed 1,
shaggy fur 1
a: Renounce Religion, Berserk, Trog's Hand


You were on level 11 of the Dungeon.
You worshipped Trog.
Trog was most pleased with you.
You visited 1 branch of the dungeon, and saw 11 of its levels.

You collected 563 gold pieces.

Inventory:

Hand Weapons
 E - a +3 morningstar
 H - a +1 dire flail (weapon)
Missiles
 d - 3 silver boomerangs (quivered)
 f - 23 poisoned darts
 j - 3 curare-tipped darts
 v - 7 boomerangs
Armour
 p - a +0 pair of boots (worn)
 t - a +2 pair of gloves (worn)
 x - a +1 chain mail of cold resistance (worn)
Jewellery
 c - an amulet of guardian spirit (around neck)
 r - a ring of see invisible (left hand)
 y - a +6 ring of strength (right hand)
 C - a +6 ring of intelligence
Wands
 n - a wand of digging (4)
 o - a wand of charming (2)
 K - a wand of paralysis (7)
 L - a wand of mindburst (6)
Scrolls
 a - 2 scrolls of fog
 l - 2 scrolls of enchant armour
 s - 3 scrolls of silence {unknown}
 u - 10 scrolls of identify
 z - a scroll of holy word
 D - 2 scrolls of teleportation
 G - a scroll of magic mapping {unknown}
 I - a scroll of fear {unknown}
 J - a scroll of blinking {unknown}
Potions
 b - a potion of lignification {unknown}
 e - 5 potions of flight
 g - 2 potions of mutation
 i - 4 potions of might {unknown}
 k - 4 potions of heal wounds {unknown}
 m - 2 potions of ambrosia {unknown}
 q - a potion of brilliance {unknown}
 w - a potion of attraction {unknown}
 A - 2 potions of cancellation {unknown}
 B - 2 potions of resistance {unknown}
 F - a potion of curing {unknown}


   Skills:
 * Level 11.4 Fighting
 * Level 10.4 Maces & Flails
 * Level 11.1 Armour
 + Level 6.1 Dodging


You had 10 spell levels left.
You didn't know any spells.
Your spell library was empty.

Dungeon Overview and Level Annotations

Branches:
Dungeon (11/15)            Temple (0/1) D:4            Lair (0/6) D:11
    Orc: D:9-12

Altars:
Ashenzari
Dithmenos
Gozag
Hepliaklqana
Nemelex Xobeh
Okawaru
Qazlal
Ru
Sif Muna
Trog
Xom
Yredelemnul
The Shining One

Shops:
D:3 *   D:5 *   D:11 *

Annotations:
D:4 3 runed translucent doors, Cecur's ghost, novice DsWz
D:9 2 transporters, Cecur's ghost, journeyman TrFi


Innate Abilities, Weirdness & Mutations

You are immune to sickness and miasma.
Your stone body is resilient. (AC +8)
You are immune to poison.
You resist negative energy. (rN+)
You are resistant to electric shocks. (rElec)
You are resistant to unholy torment.
You are immune to petrification.
You are strong-willed. (Will+)
You are covered in fur. (AC +1)


Message History

You destroy the orc zombie!
Trog accepts your kill.
A two-headed ogre comes into view.
It is wielding a +0 giant spiked club and a +0 giant club.
The skeletal warrior hits you with a +0 short sword!
The two-headed ogre shouts in stereo!
You hit the skeletal warrior but do no damage.
You barely miss the skeletal warrior.
The skeletal warrior hits you with a +0 short sword.
You hit the skeletal warrior but do no damage.
The skeletal warrior hits you but does no damage.
You hit the skeletal warrior but do no damage.
The skeletal warrior hits you but does no damage.
The skeletal warrior closely misses you.
Your skin crawls.
You feel strong-willed.
You can no longer call in reinforcements.
The skeletal warrior hits you with a +0 scimitar.
The skeletal warrior completely misses you.
You feel yourself speed up.
The skeletal warrior hits you with a +0 scimitar!
The skeletal warrior hits you with a +0 short sword!
You barely miss the skeletal warrior.
You hit the skeletal warrior but do no damage.
The skeletal warrior hits you with a +0 scimitar!!
The skeletal warrior hits you but does no damage.
You thump the skeletal warrior!
The skeletal warrior is lightly damaged.
The skeletal warrior hits you with a +0 scimitar!!
* * * LOW HITPOINT WARNING * * *
The skeletal warrior hits you with a +0 short sword!
* * * LOW HITPOINT WARNING * * *
You closely miss the skeletal warrior.
The skeletal warrior is lightly damaged.
A red film seems to cover your vision as you go berserk!
You feel yourself moving faster!
You feel mighty!
The two-headed ogre hits you with a +0 giant spiked club!
* * * LOW HITPOINT WARNING * * *
The two-headed ogre hits you but does no damage.
The skeletal warrior hits you with a +0 scimitar!
You die...

..........P.PPPP.....
)##.##....P.....PP.....
..###.....P...........
...†....P............
..##......P..P..P#..###
..#.............##....##
..#.............##....).
..##............zz......
.....#..........@O......
........................
(.......#####...........
........# ##♣...........
........##♣.∩.♣.........
...#.##.....♣..........#
.......................#
#>##.........###....####
#..#....#..#...#.....


You could see 2 skeletal warriors and a two-headed ogre.

Vanquished Creatures
  The ghost of SirDiesAlot the Carver, a journeyman MiFi of Okawaru (D:10)
  A boulder beetle (D:9)
  3 two-headed ogres
  A centaur warrior (D:9)
  A skeletal warrior (D:11)
  A komodo dragon (D:5)
  A wraith (D:10)
  14 yaks
  2 vampire mosquitoes (D:8)
  A basilisk (D:10)
  2 steam dragons
  5 water moccasins
  2 black bears
  4 orc warriors
  4 ogres
  2 centaurs (D:5)
  2 phantoms
  2 kobold brigands
  4 bullfrogs
  3 scorpions
  4 necrophages (D:4)
  A water moccasin zombie (D:4)
  19 wights
  4 killer bees (D:9)
  3 howler monkeys
  3 jellies
  A human zombie (D:4)
  5 hounds
  8 orc priests
  A gnoll shaman (D:7)
  An iguana (D:6)
  9 orc wizards
  A scorpion zombie (D:4)
  A hound zombie (D:4)
  A howler monkey zombie (D:4)
  5 gnolls (D:7)
  5 adders
  2 shadow imps
  3 white imps
  An ufetubus (D:4)
  2 worms (D:2)
  6 dart slugs
  34 orcs
  5 ball pythons
  11 endoplasms
  4 giant cockroaches
  8 goblins
  7 hobgoblins
  A jackal (D:1)
  12 kobolds
  2 quokkas
  7 bats
  2 frilled lizards
  A hobgoblin skeleton (D:11)
  An orc skeleton (D:11)
  An orc zombie (D:11)
  A quokka zombie (D:4)
  5 rats
244 creatures vanquished.

Vanquished Creatures (others)
  34 fungi (D:11)
  29 plants (D:11)
63 creatures vanquished.

Grand Total: 307 creatures vanquished

Notes
Turn   | Place    | Note
-------+----------+-------------------------------------------
     0 | D:1      | sammy202020 the Gargoyle Berserker began the quest for the
                  | Orb.
     0 | D:1      | Reached XP level 1. HP: 14/14 MP: 1/1
   183 | D:1      | Reached XP level 2. HP: 14/19 MP: 0/2
   460 | D:1      | Found a faded altar of an unknown god.
   922 | D:2      | Reached XP level 3. HP: 24/24 MP: 3/3
  1250 | D:2      | HP: 1/24 [bat (1)]
  1741 | D:2      | Reached ** piety under Trog
  1742 | D:2      | Reached XP level 4. HP: 28/29 MP: 4/4
  1923 | D:3      | Reached XP level 5. HP: 13/34 MP: 3/5
  2309 | D:3      | Found Vigytiga's General Store.
  2480 | D:3      | Found a sparkling altar of Nemelex Xobeh.
  3285 | D:4      | Reached XP level 6. HP: 35/40 MP: 6/6
  3472 | D:4      | Reached skill level 5 in Fighting
  3609 | D:4      | Found a runed translucent gate.
  3609 | D:4      | Found a runed translucent gate.
  3609 | D:4      | Found a runed translucent gate.
  3659 | D:4      | Found a staircase to the Ecumenical Temple.
  3694 | D:4      | Reached XP level 7. HP: 31/44 MP: 7/7
  3839 | D:4      | Found a shimmering altar of Xom.
  3965 | D:4      | Reached skill level 5 in Maces & Flails
  3965 | D:4      | Found a basalt altar of Yredelemnul.
  4001 | D:4      | Reached skill level 5 in Armour
  4146 | D:4      | Reached XP level 8. HP: 50/51 MP: 8/8
  4146 | D:4      | Reached *** piety under Trog
  4205 | D:4      | Noticed Cecur's ghost (novice DsWz)
  4617 | D:4      | Gained mutation: You are strong-willed. (Will+) [potion of
                  | mutation]
  4617 | D:4      | Gained mutation: You are covered in fur. (AC +1) [potion of
                  | mutation]
  4624 | D:5      | Entered Level 5 of the Dungeon
  5088 | D:5      | Found Vid Xily's Assorted Antiques.
  5097 | D:5      | Reached XP level 9. HP: 55/57 MP: 7/9
  5182 | D:5      | Noticed a komodo dragon
  5233 | D:5      | Killed a komodo dragon
  5889 | D:6      | Found a stormy altar of Qazlal.
  6668 | D:7      | Found a glowing golden altar of the Shining One.
  6681 | D:7      | Reached **** piety under Trog
  7210 | D:8      | Reached XP level 10. HP: 61/65 MP: 8/10
  7675 | D:8      | Found a shimmering blue altar of Sif Muna.
  7819 | D:8      | You fall into a shaft and drop 3 floors!
  7819 | D:11     | Noticed a skeletal warrior
  7819 | D:11     | Found a staircase to the Lair.
  7868 | D:11     | Killed a skeletal warrior
  7869 | D:11     | Reached skill level 5 in Dodging
  7922 | D:10     | Entered Level 10 of the Dungeon
  8091 | D:9      | Noticed a two-headed ogre
  8099 | D:9      | Killed a two-headed ogre
  8100 | D:9      | Reached skill level 10 in Fighting
  8104 | D:9      | Found a transporter.
  8105 | D:9      | Noticed Cecur's ghost (journeyman TrFi)
  8105 | D:9      | Noticed a two-headed ogre
  8106 | D:9      | Noticed a two-headed ogre
  8106 | D:9      | Noticed a two-headed ogre
  8106 | D:9      | Noticed a two-headed ogre
  8107 | D:9      | Found a transporter.
  8107 | D:9      | Noticed a two-headed ogre
  8170 | D:9      | Found an opulent altar of Gozag.
  8172 | D:9      | Noticed a centaur warrior
  8177 | D:9      | Noticed a two-headed ogre
  8188 | D:9      | Killed a centaur warrior
  8189 | D:9      | Reached XP level 11. HP: 65/72 MP: 5/11
  8194 | D:9      | Killed a two-headed ogre
  8195 | D:9      | Reached skill level 10 in Armour
  9009 | D:9      | Noticed a boulder beetle
  9046 | D:9      | Killed a boulder beetle
  9458 | D:10     | Found an iron altar of Okawaru.
  9488 | D:10     | Reached skill level 10 in Maces & Flails
  9597 | D:10     | Noticed a two-headed ogre
  9603 | D:10     | Killed a two-headed ogre
  9678 | D:10     | Found a broken altar of Ashenzari.
  9700 | D:10     | Identified the +9 war axe of Pycleadu {vamp, rC+ Str+3}
  9713 | D:10     | Found a bloodstained altar of Trog.
  9714 | D:10     | Found a sacrificial altar of Ru.
  9849 | D:10     | Found a runed translucent gate.
  9849 | D:10     | Found a runed translucent gate.
  9849 | D:10     | Found a runed translucent gate.
  9851 | D:10     | Noticed SirDiesAlot's ghost (journeyman MiFi)
 10035 | D:10     | Found a hazy altar of Hepliaklqana.
 10036 | D:10     | Found a shadowy altar of Dithmenos.
 10399 | D:10     | Killed SirDiesAlot's ghost
 10488 | D:11     | Found Hyhuojem's General Store.
 10500 | D:11     | Noticed a skeletal warrior
 10504 | D:11     | Noticed a skeletal warrior
 10506 | D:11     | Noticed a two-headed ogre
 10517 | D:11     | HP: 5/111 [two-headed ogre/+0 giant spiked club (9)]
 10517 | D:11     | Mangled by a skeletal warrior

Illustrated notes

Levels and vault maps discovered:
D:1:      nzn_arrival_water_spiral, layout_loops_ring,
          shapermc_ecumenical_altar_mp_highgroup, minmay_heptomino_l4
D:2:      layout_rooms
D:3:      layout_loops_ring, nemelex_spade_bored_becter, serial_shops, shop
D:4:      layout_cave_pods, xom_teletrap_fun,
          lemuel_mausoleum_altar_yredelemnul, minmay_temple_entry_proselytizer,
          gammafunk_ghost_icy, grunt_tough_drop
D:5:      layout_rooms, serial_shops, nicolae_shop_stone,
          serial_co_window_serial, co_window_paths_a, co_window_corner_a,
          co_window_paths_a, co_window_paths_b, co_window_of_opportunity_a,
          co_window_paths_c, co_window_broadway_c, co_window_broadway_a,
          co_window_corner_b, co_window_broadway_b, co_window_corner_cb,
          st_stairs_7
D:6:      layout_gridville, nicolae_qazlal_general_emergency, serial_glass,
          glass_columns_a, glass_columns_a, glass_columns_b, glass_columns_a,
          glass_columns_b, glass_columns_a, glass_columns_c, glass_columns_a,
          glass_columns_c, glass_columns_b, skrybe_limestone_x
D:7:      layout_gridville, mainiacjoe_overflow_concentric_impassable
D:8:      layout_loops_ring, kennysheep_orc_sif_temple
D:9:      layout_rooms, nicolae_gozag_seed_capital, gammafunk_ghost_smash,
          serial_curves, eino_curves_01, eino_curves_04,
          kennysheep_generic_room_9
D:10:     layout_layer_cave, nicolae_overflow_crystal_walls,
          riverfiend_overflow_shadow_ancestor, kennysheep_little_box,
          mainiacjoe_overflow_divided_tiny, ebering_ghost_rock_garden,
          minivault_1
D:11:     layout_cave_pools, due_lair_maze_entry_diamond, zombieorc2_lemuel,
          serial_shops, nicolae_stop_n_shop_2, nicolae_shop_trees, shop,
          st_stairs_8, the_hattery

Skill      XL: |  1  2  3  4  5  6  7  8  9 10 11 |
---------------+----------------------------------+-----
Fighting       | 4 5 6 7 8 10 11 | 11.4
Armour         | 3 4 5 6 8 9 11 | 11.1
Dodging        | 2 3 4 5 6 |  6.1
Maces & Flails | 4 5 6 8 9 10 | 10.4

Action                   |  1- 3 |  4- 6 |  7- 9 | 10-12 || total
-------------------------+-------+-------+-------+-------++-------
Melee: Mace              |    98 |   161 |   342 |       ||   601
       Punch             |       |     2 |     6 |       ||     8
       Flail             |       |       |    19 |    30 ||    49
       Dire flail        |       |       |       |   332 ||   332
Invok: Berserk           |     1 |     1 |     3 |     8 ||    13
       Trog's Hand       |       |     2 |     3 |     6 ||    11
  Use: Scroll            |       |       |    11 |       ||    11
       Potion            |       |       |     1 |     2 ||     3
 Stab: Sleeping          |     1 |       |       |       ||     1
Armor: Animal skin       |    14 |       |       |       ||    14
       Leather armour    |    37 |       |       |       ||    37
       Ring mail         |     4 |   114 |   197 |       ||   315
       Chain mail        |       |       |    39 |   262 ||   301
Dodge: Dodged            |    80 |   115 |   277 |   170 ||   642

Table legend: (Time is in decaauts)
 A = Elapsed time spent in this place.
 B = Non-inter-level travel time spent in this place.
 C = Inter-level travel time spent in this place.
 D = Time resting spent in this place.
 E = Time spent auto-exploring this place.
 F = Levels seen in this place.
 G = Mean time per level.
                   A        B        C        D        E       F      G
               +--------+--------+--------+--------+--------+-----+--------+
         Total |  10611 |  10606 |      5 |   1169 |   6962 |  11 |  964.6 |
       Dungeon |  10611 |  10606 |      5 |   1169 |   6962 |  11 |  964.6 |
               +--------+--------+--------+--------+--------+-----+--------+

Top non-repeatable levels by time:
     D:4: 1821 daAuts
     D:9: 1321 daAuts
    D:10: 1220 daAuts
     D:5: 1122 daAuts
     D:3: 996 daAuts
     D:2: 965 daAuts
     D:1: 923 daAuts
     D:6: 718 daAuts
     D:8: 702 daAuts
     D:7: 685 daAuts
    D:11: 134 daAuts
